 Dungeon Crawl Stone Soup version 0.22.1-2-g9c5b331 (webtiles) character file.

7021 lysyklops the Skirmisher (level 10, 0/88 HPs)
             Began as a Green Draconian Transmuter on Dec 17, 2018.
             Was a Priest of Qazlal.
             Shot with an arrow by a centaur warrior (10 damage)
             ... in a volcano.
             The game lasted 00:38:36 (12791 turns).

lysyklops the Skirmisher (DrTm)                    Turns: 12791, Time: 00:38:37

Health: 0/88       AC: 13    Str: 10    XL:     10   Next: 82%
Magic:  20/20      EV: 15    Int: 16    God:    Qazlal [***...]
Gold:   532        SH:  4    Dex: 12    Spells: 14/22 levels left

rFire    x . .     SeeInvis .     - Unarmed
rCold    + . .     Gourm    .   (no shield)
rNeg     . . .     Faith    +   (armour unavailable)
rPois    +         Spirit   .   (helmet restricted)
rElec    .         Reflect  .   u - +0 cloak
rCorr    .         Harm     .   l - +2 pair of gloves
MR       .....                  y - +1 pair of boots
Stlth    +.........             s - amulet of faith
HPRegen  0.24/turn              b - ring of ice
MPRegen  0.17/turn              J - -3 ring of strength (curse)

@: no status effects
A: breathe noxious fumes, unfitting armour, poison resistance, cold-blooded, AC
+7
a: Breathe Noxious Fumes, Upheaval, Elemental Force, Renounce Religion


You were in a volcano.
You worshipped Qazlal.
Qazlal was most pleased with you.
You were not hungry.

You visited 2 branches of the dungeon, and saw 11 of its levels.
You also visited: Volcano.

You collected 658 gold pieces.
You spent 126 gold pieces at shops.

Inventory:

Missiles
 a - 118 arrows
Armour
 l - a +2 pair of gloves (worn)
 u - a +0 cloak (worn)
 y - a +1 pair of boots (worn)
Jewellery
 b - a ring of ice (left hand)
 j - an uncursed ring of resist corrosion
 p - an uncursed amulet of guardian spirit {unknown}
 q - an uncursed ring of protection from fire
 s - an amulet of faith (around neck)
 B - an uncursed ring of fire
 C - an uncursed ring of protection from magic
 D - a +2 amulet of reflection {unknown}
 J - a cursed -3 ring of strength (right hand)
Wands
 d - a wand of disintegration (10)
 k - a wand of acid (10)
 t - a wand of paralysis (18)
 K - a wand of polymorph (18)
 L - a wand of digging (10)
Scrolls
 e - 2 scrolls of fear
 g - 3 scrolls of identify
 h - 5 scrolls of teleportation
 w - 2 scrolls of enchant weapon
 F - 2 scrolls of fog
 H - 2 scrolls of amnesia
 I - a scroll of blinking {unknown}
Potions
 f - 3 potions of mutation
 i - a potion of resistance
 m - 3 potions of heal wounds
 n - 2 potions of agility
 o - 2 potions of brilliance
 r - a potion of degeneration {unknown}
 v - 3 potions of curing
 x - a potion of invisibility {unknown}
 z - 3 potions of might
 A - 2 potions of ambrosia
 E - 2 potions of lignification
 G - a potion of berserk rage
Comestibles
 c - 13 rations


   Skills:
 + Level 7.9 Fighting
 + Level 6.7 Dodging
 + Level 7.8 Unarmed Combat
 + Level 6.9 Spellcasting
 - Level 2.0 Translocations
 + Level 7.4 Transmutations
 - Level 4.0 Poison Magic
 + Level 2.1 Invocations


You had 14 spell levels left.
You knew the following spells:

 Your Spells              Type           Power        Failure   Level  Hunger
a - Beastly Appendage     Tmut           ####..       1%          1    None
b - Sticks to Snakes      Tmut           ####....     1%          2    None
d - Blink                 Tloc           N/A          9%          2    None
e - Spider Form           Tmut/Pois      ###.......   3%          3    ##.....

Your spell library contained the following spells:

 Spells                   Type           Power        Failure   Level  Hunger
 Infusion                 Chrm           #...         13%         1    None
 Magic Dart               Conj           #...         13%         1    None
 Shroud of Golubria       Chrm/Tloc      #.........   13%         2    None
 Blade Hands              Tmut           ####......   17%         5    #####..
 Call Imp                 Summ           #.......     19%         2    None
 Slow                     Hex            #.......     19%         2    None
 Song of Slaying          Chrm           #.......     19%         2    None
 Mephitic Cloud           Conj/Pois/Air  #.......     22%         3    ##.....
 Ice Form                 Ice/Tmut       ####....     26%         4    ####...
 Conjure Flame            Conj/Fire      #.......     36%         3    ##.....
 Regeneration             Chrm/Necr      #.........   36%         3    ##.....
 Spectral Weapon          Hex/Chrm       #.......     36%         3    ##.....


Dungeon Overview and Level Annotations

Branches:
Dungeon (10/15)            Temple (0/1) D:7            Lair (1/6) D:9
    Orc: D:9-12

Altars:
Dithmenos
Fedhas
Gozag
Hepliaklqana
Makhleb
Okawaru
Qazlal
Trog
Uskayaw
Xom
Yredelemnul
Zin

Shops:
D:4 !   D:7 *%=   D:10 *

Annotations:
D:7 3 runed doors, Ereth's ghost, novice HOFi; Gearfox's ghost, novice HOFi; RadicalHijinx's ghost, novice HaHu; dscm's ghost, novice DsGl
D:9 3 runed doors, Frank's ghost, novice OpFi


Innate Abilities, Weirdness & Mutations

You can breathe blasts of noxious fumes.
Your lurid green scales are hard. (AC +7)
You cannot fit into any form of body armour.
Your system is resistant to poisons. (rPois)
You are cold-blooded and may be slowed by cold attacks.


Message History

You hear the rumble of an avalanche of rocks.
There is a dark tunnel here.
The world spins around you as you enter the gateway.
You enter a volcano!
Found a rocky tunnel leading out of this place.
There is a rock-blocked tunnel here.
Your horns disappear.
You hear a shout!
A centaur warrior comes into view. It is wielding a shortbow of flaming.
The centaur warrior shouts!
The centaur warrior shoots an arrow.
You block the arrow.
You see here an arrow.
The centaur warrior shoots an arrow.
The arrow hits you!! The arrow burns you.
Found three items.
You see here an arrow.
The centaur warrior shoots an arrow.
The arrow hits you!! The arrow burns you!
The centaur warrior shoots an arrow.
The arrow hits you!
* * * LOW HITPOINT WARNING * * *
The arrow burns you!
You die...

+[$.[[+ #.c≈..#
#8≈≈≈8# +..≈..+
+.....+ ≈#
#8...8# #≈
≈§###.....###≈§
≈§§≈≈.§(..§§≈≈≈
#≈§≈§8.@§8§§≈≈≈
###§≈.....≈≈≈≈≈
#≈§..§..≈≈≈##
##≈8...8≈≈§#
##.....####
#.....# #8...8#
#.....# #.....#


You could see a centaur warrior.

Vanquished Creatures
  A deep elf mage (D:10)
  Joseph (D:9)
  Psyche (D:9)
  A hornet (D:10)
  Prince Ribbit (D:7)
  2 hippogriffs (D:8)
  3 yaks
  3 hogs (D:8)
  A human (D:8)
  5 porcupines
  A water moccasin (D:7)
  3 sky beasts
  3 orc warriors
  3 black bears
  3 ogres
  4 centaurs
  2 big kobolds (D:10)
  A gnoll sergeant (D:9)
  8 bullfrogs
  4 scorpions
  4 killer bees
  4 wights (D:9)
  4 crimson imps
  A centaur zombie (D:8)
  6 hounds
  5 jellies
  3 orc wizards
  Jessica (D:3)
  3 iguanas
  Natasha (D:2)
  Terence (D:2)
  6 worker ants
  A hound zombie (D:8)
  2 hound skeletons
  7 gnolls
  7 adders
  3 shadow imps
  An ooze (D:4)
  5 leopard geckos
  11 orcs
  4 bats
  5 giant cockroaches
  A goblin (D:2)
  3 hobgoblins
  9 jackals
  16 kobolds
  4 quokkas
  2 ball pythons (D:3)
  4 frilled lizards
  A leopard gecko skeleton (D:3)
  A leopard gecko zombie (D:7)
  6 rats
183 creatures vanquished.

Vanquished Creatures (collateral kills)
  An ogre (D:8)
  A bullfrog (D:7)
  An electric eel (Lair:1)
  2 adders
  2 orcs
7 creatures vanquished.

Vanquished Creatures (others)
  9 fungi (D:9)
  A withered plant (D:7)
10 creatures vanquished.

Grand Total: 200 creatures vanquished

Notes
Turn   | Place    | Note
-------+----------+-------------------------------------------
     0 | D:1      | lysyklops the Draconian Transmuter began the quest for the
                  | Orb.
     0 | D:1      | Reached XP level 1. HP: 16/16 MP: 3/3
   508 | D:1      | Reached XP level 2. HP: 13/23 MP: 5/5
   535 | D:1      | Learned a level 2 spell: Sticks to Snakes
  1066 | D:2      | Found an iron altar of Okawaru.
  1092 | D:2      | Reached XP level 3. HP: 12/29 MP: 1/6
  1462 | D:2      | Noticed Terence
  1498 | D:2      | Killed Terence
  1656 | D:2      | Noticed Natasha
  1671 | D:2      | Killed Natasha
  1671 | D:2      | Reached XP level 4. HP: 20/36 MP: 7/7
  2656 | D:3      | Found a hazy altar of Hepliaklqana.
  2747 | D:3      | Noticed Jessica
  2756 | D:3      | Killed Jessica
  2756 | D:3      | Reached XP level 5. HP: 22/42 MP: 5/9
  3044 | D:4      | Found a hide-covered altar of Uskayaw.
  3581 | D:4      | Reached XP level 6. HP: 35/51 MP: 10/10
  3901 | D:4      | Found Jonier's Distillery.
  3915 | D:4      | Bought a potion of heal wounds for 70 gold pieces
  3915 | D:4      | Bought a potion of might for 56 gold pieces
  4361 | D:5      | Entered Level 5 of the Dungeon
  4806 | D:5      | Found an opulent altar of Gozag.
  5008 | D:5      | Learned a level 1 spell: Magic Dart
  5011 | D:5      | Learned a level 2 spell: Blink
  5518 | D:6      | Reached skill level 1 in Translocations
  5518 | D:6      | Your scales start taking on a lurid green colour.
  5518 | D:6      | Reached XP level 7. HP: 35/57 MP: 9/12
  5518 | D:6      | Gained mutation: Your system is resistant to poisons.
                  | (rPois) [Green Draconian growth]
  5523 | D:6      | Learned a level 3 spell: Spider Form
  5936 | D:6      | Reached skill level 1 in Poison Magic
  6518 | D:6      | Found a shadowy altar of Dithmenos.
  6521 | D:6      | Found a bloodstained altar of Trog.
  6523 | D:6      | Found a shimmering altar of Xom.
  6551 | D:6      | Found a blossoming altar of Fedhas.
  6557 | D:6      | Found a stormy altar of Qazlal.
  6568 | D:6      | Became a worshipper of Qazlal Stormbringer
  6772 | D:6      | Found a basalt altar of Yredelemnul.
  7023 | D:7      | Found Qurafius's Jewellery Shoppe.
  7079 | D:7      | Found Ecwis's Food Boutique.
  7093 | D:7      | Noticed Prince Ribbit
  7330 | D:7      | Reached XP level 8. HP: 66/67 MP: 11/14
  7458 | D:7      | Killed Prince Ribbit
  7458 | D:7      | Reached skill level 5 in Unarmed Combat
  7930 | D:7      | Found a runed gate.
  7931 | D:7      | Found a runed gate.
  7931 | D:7      | Found a runed gate.
  7932 | D:7      | Noticed RadicalHijinx's ghost (novice HaHu)
  7932 | D:7      | Noticed Gearfox's ghost (novice HOFi)
  7933 | D:7      | Noticed dscm's ghost (novice DsGl)
  7933 | D:7      | Noticed Ereth's ghost (novice HOFi)
  7969 | D:7      | Found a staircase to the Ecumenical Temple.
  8028 | D:7      | Found Ecor's Eclectic Emporium.
  8033 | D:7      | Reached skill level 5 in Fighting
  8152 | D:7      | Reached * piety under Qazlal
  8207 | D:7      | Reached skill level 5 in Transmutations
  8623 | D:8      | Noticed a hippogriff
  8634 | D:8      | Killed a hippogriff
  8634 | D:8      | Reached XP level 9. HP: 60/74 MP: 7/16
  8729 | D:8      | Reached skill level 5 in Spellcasting
  8773 | D:8      | Reached skill level 5 in Dodging
  8798 | D:8      | Reached ** piety under Qazlal
 10020 | D:9      | Reached XP level 10. HP: 48/84 MP: 16/18
 10307 | D:9      | Found a staircase to the Lair.
 10638 | D:9      | Found a burning altar of Makhleb.
 10691 | D:9      | Found a stormy altar of Qazlal.
 10767 | D:9      | Noticed Joseph
 10800 | D:9      | Killed Joseph
 11121 | D:9      | Noticed Psyche
 11131 | D:9      | Killed Psyche
 11157 | D:9      | Noticed Frank's ghost (novice OpFi)
 11161 | D:9      | Found a runed gate.
 11161 | D:9      | Found a runed gate.
 11161 | D:9      | Found a runed gate.
 11161 | D:9      | Noticed an ice dragon
 11163 | D:9      | Noticed a swamp dragon
 11315 | D:9      | Found a glowing silver altar of Zin.
 11342 | D:10     | Entered Level 10 of the Dungeon
 11342 | D:10     | Found Itomaohi's Assorted Antiques.
 11367 | D:10     | Reached *** piety under Qazlal
 11657 | D:10     | Noticed a deep elf mage
 11660 | D:10     | Noticed a smoke demon
 11987 | D:9      | Reached skill level 1 in Invocations
 12268 | D:10     | Killed a deep elf mage
 12620 | Lair:1   | Entered Level 1 of the Lair of Beasts
 12691 | Lair:1   | Found a dark tunnel.
 12774 | Volcano  | Entered a volcano
 12789 | Volcano  | Noticed a centaur warrior
 12791 | Volcano  | Shot with an arrow by a centaur warrior

Skill      XL: |  1  2  3  4  5  6  7  8  9 10 |
---------------+-------------------------------+-----
Dodging        | 2 3 4 5 6 |  6.7
Fighting       | 2 3 4 5 6 7 |  7.9
Transmutations | 3 4 5 6 7 |  7.4
Spellcasting   | 3 4 5 6 |  6.9
Unarmed Combat | 4 5 6 7 |  7.8
Translocations | 1 2 |  2.0
Poison Magic   | 2 4 |  4.0
Invocations    | 2 |  2.1

Action                   |  1- 3 |  4- 6 |  7- 9 | 10-12 || total
-------------------------+-------+-------+-------+-------++-------
Melee: Unarmed           |   126 |   158 |   448 |   201 ||   933
       Kick              |    12 |     7 |       |       ||    19
       Tailslap          |     9 |    16 |    45 |    11 ||    81
       Punch             |     1 |     1 |     5 |     2 ||     9
       Headbutt          |       |    10 |    50 |    13 ||    73
 Cast: Beastly Appendage |    12 |    20 |    32 |     8 ||    72
       Sticks to Snakes  |     2 |     6 |    21 |     6 ||    35
       Spider Form       |       |       |    12 |    10 ||    22
 Abil: Breathe Noxious F |       |       |     6 |     3 ||     9
Evoke: Wand              |       |     4 |       |       ||     4
  Use: Potion            |       |     1 |       |       ||     1
       Scroll            |       |     9 |       |    10 ||    19
 Stab: Distracted        |       |     2 |     3 |     1 ||     6
       Paralysed         |       |     1 |       |       ||     1
       Confused          |       |       |     1 |       ||     1
  Eat: Chunk             |     3 |     7 |    12 |     4 ||    26
       Ration            |       |     2 |     1 |     2 ||     5
Armor: Skin              |    31 |    54 |   125 |    36 ||   246
Dodge: Dodged            |    94 |   113 |   405 |   168 ||   780
Block: Other             |       |       |    15 |    25 ||    40
